 Dungeon Crawl Stone Soup version 0.26-a0-720-g2a1d101370 (webtiles) character file.

Game seed: 4726454713906139278

80484 robertstho the Thaumaturge (level 15, -6/115 HPs)
             Began as a Gnoll Ice Elementalist on Nov 2, 2020.
             Was an Elder of Sif Muna.
             Mangled by an anaconda (9 damage)
             ... on level 2 of the Snake Pit.
             The game lasted 01:01:59 (24399 turns).

robertstho the Thaumaturge (GnIE)                  Turns: 24399, Time: 01:02:00

Health: -6/115     AC:  9    Str: 12    XL:     15   Next: 67%
Magic:  25/39      EV: 17    Int: 31    God:    Sif Muna [****..]
Gold:   969        SH:  5    Dex: 18    Spells: 7/36 levels left

rFire    + . .     SeeInvis .   O - +3 long sword of Action {drain, rPois rC+ Dex+2}
rCold    + + .     Faith    .   (no shield)
rNeg     + . .     Spirit   .   Y - +0 troll leather armour
rPois    +         Reflect  +   R - +0 hat {Int+3}
rElec    +         Harm     .   x - scarf {rC+ rF+}
rCorr    .         Rampage  .   z - +0 pair of gloves of Dogma {rElec rN+ Stlth+}
MR       +....                  y - +1 pair of boots {run}
Stlth    ++++++....             X - amulet of reflection
HPRegen  0.69/turn              D - +6 ring of intelligence
MPRegen  0.26/turn              P - ring of magical power

@: constricted, quick
A: distributed training, fangs 1, strong nose
a: Channel Magic, Forget Spell, Divine Exegesis, Renounce Religion


You were on level 2 of the Snake Pit.
You worshipped Sif Muna.
Sif Muna was greatly pleased with you.
You visited 5 branches of the dungeon, and saw 22 of its levels.
You also visited: Ossuary.

You collected 2281 gold pieces.
You spent 1312 gold pieces at shops.

Inventory:

Hand Weapons
 a - the +5 quarterstaff "Gram" {spect, rElec rN+ MR-}
   (You bought it in a shop on level 2 of the Orcish Mines)

   It retains the spirit of the tree from which it was made.
   In the hands of one skilled in evocations this spirit is drawn out to fight
   along side the wielder.
   It insulates you from electricity.
   It protects you from negative energy.
   It affects your resistance to hostile enchantments.
 E - the +8 war axe of the Pure Visions {holy, Str+5}
   (You found it on level 5 of the Dungeon)

   It has been blessed by the Shining One to cause great damage to the undead
   and demons.
   It affects your strength (+5).
 O - the +3 long sword of Action (weapon) {drain, rPois rC+ Dex+2}
   (You found it on level 1 of the Lair of Beasts)

   A truly terrible weapon, it drains the life of those it strikes.
   It affects your dexterity (+2).
   It protects you from cold.
   It protects you from poison.
 S - a +3 scimitar of flaming
 T - the +7 hand axe "Qaas Fiy" {vorpal, Str+4 Int+2}
   (You found it on level 2 of the Lair of Beasts)

   It inflicts extra damage upon your enemies.
   It affects your strength (+4).
   It affects your intelligence (+2).
Missiles
 V - 6 curare-tipped darts (quivered)
Armour
 x - a scarf of resistance (worn)
 y - a +1 pair of boots of running (worn)
 z - the +0 pair of gloves of Dogma (worn) {rElec rN+ Stlth+}
   (You bought it in a shop on level 2 of the Orcish Mines)

   It insulates you from electricity.
   It protects you from negative energy.
   It makes you more stealthy.
 N - a +2 robe of cold resistance
 R - a +0 hat of intelligence (worn)
 Y - a +0 troll leather armour (worn)
Jewellery
 i - an uncursed amulet of magic regeneration
 s - an uncursed ring of protection from cold
 t - an uncursed ring of positive energy
 D - a +6 ring of intelligence (left hand)
 K - an uncursed ring of ice
 P - a ring of magical power (right hand)
 X - an amulet of reflection (around neck)
Wands
 h - a wand of digging (22)
 l - a wand of iceblast (25)
 w - a wand of flame (26)
 I - a wand of paralysis (7)
 M - a wand of acid (19)
Scrolls
 c - 6 scrolls of remove curse
 d - 6 scrolls of enchant weapon
 e - 4 scrolls of enchant armour
 m - 5 scrolls of immolation
 o - 11 scrolls of teleportation
 q - 2 scrolls of identify
 r - 5 scrolls of magic mapping
 v - a scroll of acquirement {unknown}
 A - 3 scrolls of fog {unknown}
 F - 2 scrolls of random uselessness {unknown}
 U - a scroll of vulnerability {unknown}
Potions
 b - 5 potions of brilliance {unknown}
 f - 4 potions of lignification {unknown}
 g - 12 potions of curing
 j - 4 potions of magic
 k - a potion of heal wounds
 n - 6 potions of stabbing
 p - a potion of flight {unknown}
 u - 2 potions of invisibility
 B - 4 potions of mutation
 C - 2 potions of might
 G - a potion of berserk rage {unknown}
 J - a potion of cancellation
 Q - a potion of resistance
 Z - a potion of haste
Miscellaneous
 H - a condenser vane (2/2)


   Skills:
 + Level 10.1 Fighting
 + Level 10.1 Short Blades
 + Level 10.1 Long Blades
 + Level 10.1 Axes
 + Level 10.1 Maces & Flails
 + Level 10.1 Polearms
 + Level 10.1 Staves
 + Level 10.1 Slings
 + Level 10.1 Bows
 + Level 10.1 Crossbows
 + Level 10.1 Throwing
 + Level 10.1 Armour
 + Level 11.1 Dodging
 + Level 10.9 Stealth
 + Level 10.1 Shields
 + Level 10.1 Unarmed Combat
 + Level 11.2 Spellcasting
 + Level 8.6 Conjurations
 + Level 8.6 Hexes
 + Level 8.6 Summonings
 + Level 8.6 Necromancy
 + Level 8.6 Translocations
 + Level 8.6 Transmutations
 + Level 8.6 Fire Magic
 + Level 11.0 Ice Magic
 + Level 8.6 Air Magic
 + Level 8.6 Earth Magic
 + Level 8.6 Poison Magic
 + Level 11.0 Invocations
 + Level 10.1 Evocations


You had 7 spell levels left.
You knew the following spells:

 Your Spells              Type           Power        Failure   Level
a - Freeze                Ice            ####         1%          1
b - Frozen Ramparts       Ice            ######       1%          3
c - Ozocubu's Armour      Ice            ######..     1%          3
d - Hailstorm             Conj/Ice       ######..     1%          4
e - Summon Ice Beast      Ice/Summ       ######..     1%          4
f - Freezing Cloud        Conj/Ice/Air   ######....   12%         6
g - Summon Lightning Spi  Summ/Air       ######..     1%          4
h - Ice Form              Ice/Tmut       ######..     1%          4

Your spell library contained the following spells:

 Spells                   Type           Power        Failure   Level
 Apportation              Tloc           ######       1%          1
 Corona                   Hex            ######.      1%          1
 Magic Dart               Conj           ####         1%          1
 Sting                    Tmut/Pois      ####         1%          1
 Summon Small Mammal      Summ           ####         1%          1
 Blink                    Tloc           N/A          1%          2
 Call Imp                 Summ           ######..     1%          2
 Corpse Rot               Necr/Air       N/A          1%          2
 Ensorcelled Hibernation  Hex/Ice        ######       1%          2
 Passwall                 Tmut/Erth      ######..     1%          2
 Poisonous Vapours        Pois/Air       ######       1%          2
 Slow                     Hex            ######..     1%          2
 Call Canine Familiar     Summ           ######..     1%          3
 Confusing Touch          Hex            ######..     1%          3
 Conjure Flame            Conj/Fire      ######..     1%          3
 Dazzling Flash           Conj/Hex       ######       1%          3
 Gell's Gravitas          Tloc           ######....   1%          3
 Lesser Beckoning         Tloc           ######....   1%          3
 Mephitic Cloud           Conj/Pois/Air  ######..     1%          3
 Static Discharge         Conj/Air       ######..     1%          3
 Summon Guardian Golem    Hex/Summ       ######..     1%          3
 Tukima's Dance           Hex            ######..     1%          3
 Passage of Golubria      Tloc           N/A          1%          4
 Agony                    Necr           ######..     3%          5
 Borgnjor's Vile Clutch   Necr/Erth      ######....   3%          5
 Irradiate                Conj/Tmut      ######....   3%          5
 Yara's Violent Unravell  Hex/Tmut       ######....   3%          5
 Simulacrum               Ice/Necr       ######....   10%         6
 Hydra Form               Tmut           ######....   16%         6
 Statue Form              Tmut/Erth      ######...    16%         6
 Dragon Form              Tmut           ######....   65%         7
 Haunt                    Necr/Summ      ######....   65%         7


Dungeon Overview and Level Annotations

Branches:
Dungeon (11/15)            Temple (1/1) D:7            Lair (6/6) D:11
 Shoals (0/4) Lair:2        Snake (2/4) Lair:4        Slime (0/5) Lair:6
    Orc (2/2) D:9             Elf (0/3) Orc:2       Ossuary (visited)

Altars:
Ashenzari
Cheibriados
Dithmenos
Elyvilon
Fedhas
Gozag
Hepliaklqana
Kikubaaqudgha
Makhleb
Nemelex Xobeh
Okawaru
Qazlal
Ru
Sif Muna
Trog
Uskayaw
Vehumet
Xom
Yredelemnul
Zin
The Shining One
Beogh

Shops:
D:5 [!?   D:9 :   Orc:2 =([*   Snake:1 *[

Annotations:
D:9 2 transporters


Innate Abilities, Weirdness & Mutations

Your experience applies equally to all skills.
You have very sharp teeth.
Your uncanny sense of smell can sniff out nearby items.


Message History

The anaconda is moderately wounded.
You block the anaconda's attack.
* * * LOW HITPOINT WARNING * * *
The anaconda constricts you.
Your ice beast barely misses the anaconda.
Your ice beast closely misses the anaconda.
Casting: Freeze (safe; 1% risk of failure)
Confirm with . or Enter, or press ? or * to list all spells.
Aiming: Freeze (safe; 1% risk of failure)
Press: ? - help, Shift-Dir - straight line, f/p - anaconda
Aim: an anaconda (moderately wounded, constricting you, slow)
You freeze the anaconda.
The anaconda is moderately wounded.
The anaconda bites you!
* * * LOW HITPOINT WARNING * * *
x2 The anaconda constricts you.
Your ice beast hits the anaconda.
Your ice beast freezes the anaconda!
Your ice beast barely misses the anaconda.
The anaconda bites you!
You die...

#.........#
#..<......#
#.....#...#
#.....##..#
#.....##..# .
#†/..).#..# ..
#.†..####.# ...
##....###.#
....##......#@#
##........YS##
#.........Y##
#.........8#
#..........##
#..........##
..........##
....>....##
.......##


You could see an anaconda (slow), 2 friendly ice beasts and a friendly lightning
spire (summoned).

Vanquished Creatures
  A dire elephant (Lair:6)
  Fannar (D:11)
  A hydra (D:11)
  Erica (Lair:2)
  A boulder beetle (D:11)
  4 two-headed ogres
  A deep troll shaman (Lair:6)
  8 death yaks
  A naga sharpshooter (Snake:1)
  A fire crab (Lair:6)
  An unseen horror (D:10)
  A naga ritualist (Snake:1)
  3 orc knights
  A salamander (Snake:1)
  4 orc sorcerers (Orc:2)
  4 elephants
  A guardian serpent (Snake:1)
  2 black mambas
  12 cane toads
  2 rime drakes (Lair:4)
  6 komodo dragons
  2 hornets
  A polar bear (Lair:3)
  3 trolls
  22 blink frogs
  2 wyverns
  36 yaks
  A wraith (D:9)
  2 basilisks (Lair:2)
  7 nagas
  A warg (Orc:2)
  14 water moccasins
  Duvessa (D:4)
  An ice beast (D:6)
  A necrophage (D:9)
  15 orc warriors
  2 black bears
  8 ogres
  2 phantoms
  18 wolves
  A centaur (D:9)
  13 bullfrogs
  2 big kobolds
  A gnoll sergeant (D:7)
  4 scorpions
  Dowan (D:4)
  4 killer bees (D:11)
  4 howler monkeys
  A nameless horror (D:11)
  3 wights (D:9)
  2 centaur zombies (Ossuary)
  A quasit (D:9)
  4 hounds
  3 bullfrog zombies
  3 jellies
  2 centaur skeletons
  11 orc priests
  Terence (D:2)
  An iguana (D:5)
  19 orc wizards
  9 worker ants
  A big kobold zombie (Ossuary)
  A hound zombie (D:6)
  A mummy (Ossuary)
  Robin (D:2)
  A howler monkey zombie (D:10)
  10 gnolls
  5 adders
  4 shadow imps
  3 white imps
  4 ufetubi
  6 oozes
  An adder skeleton (D:4)
  4 adder zombies (Ossuary)
  2 worms (D:3)
  5 dart slugs
  4 leopard geckos
  60 orcs
  2 ball pythons
  4 giant cockroaches
  2 gnoll zombies (Ossuary)
  11 hobgoblins
  4 jackals (D:9)
  15 kobolds
  3 quokkas
  10 bats
  5 frilled lizards
  13 goblins
  2 goblin zombies (Ossuary)
  2 hobgoblin zombies (Ossuary)
  A jackal skeleton (D:6)
  A jackal zombie (Ossuary)
  A kobold zombie (Ossuary)
  A leopard gecko skeleton (D:9)
  2 leopard gecko zombies (D:5)
  An orc zombie (Ossuary)
  6 quokka zombies (Ossuary)
  2 rats (D:2)
  5 rat zombies (Ossuary)
492 creatures vanquished.

Vanquished Creatures (collateral kills)
  Rupert (Snake:1)
  Gastronok (Lair:2)
  A nagaraja (Snake:1)
  An orc warlord (Orc:2)
  4 hydras
  2 naga warriors (Snake:1)
  A boulder beetle (Lair:4)
  3 anacondas
  2 catoblepae
  6 death yaks (Lair:6)
  2 naga sharpshooters (Snake:1)
  An orc high priest (Orc:2)
  Sonja (Lair:3)
  A naga ritualist (Snake:2)
  4 mana vipers (Snake:1)
  An orc knight (Orc:2)
  An orc sorcerer (Orc:2)
  A cyclops (D:11)
  3 salamanders (Snake:1)
  7 black mambas
  5 elephants
  A guardian serpent (Snake:1)
  2 naga magi (Snake:1)
  4 cane toads
  2 trolls
  22 blink frogs
  Prince Ribbit (Lair:2)
  13 yaks
  A steam dragon (Lair:3)
  6 nagas
  A warg (Orc:1)
  3 water moccasins
  13 orc warriors
  A black bear (D:11)
  4 wolves
  2 ogres
  A centaur (D:11)
  3 bullfrogs
  A human zombie (Ossuary)
  A bullfrog skeleton (D:5)
  3 jellies (Lair:6)
  5 orc priests
  2 worker ants
  10 orc wizards
  2 mummies (Ossuary)
  5 adder zombies (Ossuary)
  12 orcs
  A hobgoblin zombie (Ossuary)
  2 kobold zombies (Ossuary)
  A quokka skeleton (D:8)
174 creatures vanquished.

Vanquished Creatures (others)
  Nikola (Snake:1)
  A death yak (Lair:6)
  4 blink frogs (Lair:6)
  41 fungi
  32 plants
79 creatures vanquished.

Grand Total: 745 creatures vanquished

Notes
Turn   | Place    | Note
-------+----------+-------------------------------------------
     0 | D:1      | robertstho the Gnoll Ice Elementalist began the quest for
                  | the Orb.
     0 | D:1      | Reached XP level 1. HP: 13/13 MP: 6/6
   304 | D:1      | Reached XP level 2. HP: 16/19 MP: 3/7
   353 | D:1      | Found a broken altar of Ashenzari.
  1255 | D:2      | Reached XP level 3. HP: 25/25 MP: 5/9
  1310 | D:2      | Noticed Robin
  1334 | D:2      | Reached skill level 5 in Spellcasting
  1520 | D:1      | Learned a level 3 spell: Frozen Ramparts
  1524 | D:1      | Learned a level 3 spell: Ozocubu's Armour
  1583 | D:2      | Reached skill level 1 in Invocations
  1589 | D:2      | Reached skill level 1 in Fighting
  1589 | D:2      | Reached skill level 1 in Short Blades
  1589 | D:2      | Reached skill level 1 in Long Blades
  1589 | D:2      | Reached skill level 1 in Axes
  1589 | D:2      | Reached skill level 1 in Maces & Flails
  1589 | D:2      | Reached skill level 1 in Polearms
  1589 | D:2      | Reached skill level 1 in Staves
  1589 | D:2      | Reached skill level 1 in Slings
  1589 | D:2      | Reached skill level 1 in Bows
  1589 | D:2      | Reached skill level 1 in Crossbows
  1589 | D:2      | Reached skill level 1 in Throwing
  1589 | D:2      | Reached skill level 1 in Armour
  1589 | D:2      | Reached skill level 1 in Shields
  1589 | D:2      | Reached skill level 1 in Unarmed Combat
  1589 | D:2      | Reached skill level 1 in Evocations
  1868 | D:2      | Reached XP level 4. HP: 32/32 MP: 7/11
  2056 | D:2      | Noticed Terence
  2072 | D:2      | Killed Terence
  2072 | D:2      | Reached skill level 1 in Conjurations
  2072 | D:2      | Reached skill level 1 in Hexes
  2072 | D:2      | Reached skill level 1 in Summonings
  2072 | D:2      | Reached skill level 1 in Necromancy
  2072 | D:2      | Reached skill level 1 in Translocations
  2072 | D:2      | Reached skill level 1 in Transmutations
  2072 | D:2      | Reached skill level 1 in Fire Magic
  2072 | D:2      | Reached skill level 1 in Air Magic
  2072 | D:2      | Reached skill level 1 in Earth Magic
  2072 | D:2      | Reached skill level 1 in Poison Magic
  2378 | D:2      | Reached XP level 5. HP: 37/37 MP: 8/12
  2403 | D:2      | Killed Robin
  3624 | D:3      | Reached XP level 6. HP: 24/44 MP: 10/13
  3951 | D:3      | Reached skill level 5 in Dodging
  4117 | D:2      | Learned a level 4 spell: Hailstorm
  4122 | D:2      | Learned a level 4 spell: Summon Ice Beast
  4374 | D:4      | Reached XP level 7. HP: 50/50 MP: 15/15
  4406 | D:4      | Identified a +1 pair of boots of running (You found it on
                  | level 4 of the Dungeon)
  4466 | D:4      | Found a sand-covered staircase.
  4471 | Ossuary  | Entered an ossuary
  5002 | Ossuary  | Reached skill level 5 in Stealth
  5677 | D:4      | Reached XP level 8. HP: 22/57 MP: 12/16
  6052 | D:4      | Noticed Duvessa
  6052 | D:4      | Noticed Dowan
  6059 | D:4      | Killed Dowan
  6068 | D:4      | Killed Duvessa
  6470 | D:5      | Entered Level 5 of the Dungeon
  6558 | D:5      | Found a glowing golden altar of the Shining One.
  6633 | D:5      | Got a crude war axe
  6633 | D:5      | Identified the +8 war axe of the Pure Visions {holy, Str+5}
                  | (You found it on level 5 of the Dungeon)
  6904 | D:5      | Found Udduom's Antique Armour Shop.
  6907 | D:5      | Bought an embroidered robe for 96 gold pieces
  7151 | D:5      | Found Juqyege's Distillery.
  7161 | D:5      | Bought a potion of magic for 96 gold pieces
  7161 | D:5      | Bought a potion of heal wounds for 60 gold pieces
  7161 | D:5      | Bought a potion of stabbing for 48 gold pieces
  7161 | D:5      | Bought a potion of curing for 36 gold pieces
  7163 | D:5      | Found Fasmerur's Magic Scroll Shoppe.
  7174 | D:5      | Bought a scroll of noise for 12 gold pieces
  7854 | D:6      | Found a stormy altar of Qazlal.
  7854 | D:6      | Found a sacrificial altar of Ru.
  7910 | D:6      | Reached XP level 9. HP: 60/65 MP: 15/18
  9221 | D:7      | Found a staircase to the Ecumenical Temple.
  9285 | Temple   | Entered the Ecumenical Temple
  9382 | Temple   | Became a worshipper of Sif Muna the Loreminder
  9963 | D:8      | Reached skill level 5 in Invocations
 10047 | D:8      | Noticed a two-headed ogre
 10056 | D:8      | Noticed a two-headed ogre
 10064 | D:8      | Killed a two-headed ogre
 10064 | D:8      | Reached XP level 10. HP: 70/73 MP: 6/20
 10079 | D:8      | Killed a two-headed ogre
 10079 | D:8      | Reached skill level 5 in Fighting
 10079 | D:8      | Reached skill level 5 in Short Blades
 10079 | D:8      | Reached skill level 5 in Long Blades
 10079 | D:8      | Reached skill level 5 in Axes
 10079 | D:8      | Reached skill level 5 in Maces & Flails
 10079 | D:8      | Reached skill level 5 in Polearms
 10079 | D:8      | Reached skill level 5 in Staves
 10079 | D:8      | Reached skill level 5 in Slings
 10079 | D:8      | Reached skill level 5 in Bows
 10079 | D:8      | Reached skill level 5 in Crossbows
 10079 | D:8      | Reached skill level 5 in Throwing
 10079 | D:8      | Reached skill level 5 in Armour
 10079 | D:8      | Reached skill level 5 in Shields
 10079 | D:8      | Reached skill level 5 in Unarmed Combat
 10079 | D:8      | Reached skill level 5 in Evocations
 10268 | D:8      | Got a faintly humming robe
 10280 | D:8      | Identified the cursed +0 robe "Ced Icza" {Harm rElec
                  | Regen+} (You found it on level 8 of the Dungeon)
 10359 | D:8      | Reached * piety under Sif Muna
 10927 | D:9      | Found Hoomeu's Book Emporium.
 11139 | D:9      | Found a staircase to the Orcish Mines.
 11300 | D:9      | Found a transporter.
 11304 | D:9      | Noticed a deep elf knight
 11305 | D:9      | Noticed a kobold demonologist
 11319 | D:9      | Noticed a kobold demonologist
 11324 | D:9      | Found a transporter.
 11346 | D:9      | Noticed a deep elf knight
 11458 | D:9      | Reached XP level 11. HP: 75/81 MP: 18/22
 11464 | D:9      | Paralysed by an orc for 6 turns
 11597 | D:9      | Found a sparkling altar of Nemelex Xobeh.
 11676 | D:10     | Entered Level 10 of the Dungeon
 11830 | D:10     | Reached ** piety under Sif Muna
 11924 | D:10     | Killed an unseen horror
 12022 | D:10     | Reached skill level 5 in Conjurations
 12022 | D:10     | Reached skill level 5 in Hexes
 12022 | D:10     | Reached skill level 5 in Summonings
 12022 | D:10     | Reached skill level 5 in Necromancy
 12022 | D:10     | Reached skill level 5 in Translocations
 12022 | D:10     | Reached skill level 5 in Transmutations
 12022 | D:10     | Reached skill level 5 in Fire Magic
 12022 | D:10     | Reached skill level 5 in Air Magic
 12022 | D:10     | Reached skill level 5 in Earth Magic
 12022 | D:10     | Reached skill level 5 in Poison Magic
 12496 | D:11     | Noticed a boulder beetle
 12515 | D:11     | Noticed Fannar
 12517 | D:11     | Noticed a two-headed ogre
 12518 | D:11     | Killed a boulder beetle
 12532 | D:11     | Killed a two-headed ogre
 12594 | D:11     | Reached XP level 12. HP: 69/91 MP: 24/24
 12742 | D:11     | Killed Fannar
 12995 | D:11     | Noticed a two-headed ogre
 13006 | D:11     | Killed a two-headed ogre
 13044 | D:11     | Noticed an eight-headed hydra
 13056 | D:11     | Killed an eight-headed hydra
 13248 | D:11     | Found a staircase to the Lair.
 13248 | D:11     | Noticed a death yak
 13261 | D:11     | Reached *** piety under Sif Muna
 13274 | D:11     | Killed a death yak
 13544 | Lair:1   | Entered Level 1 of the Lair of Beasts
 13743 | Lair:1   | Got a jewelled long sword
 13743 | Lair:1   | Identified the +3 long sword of Action {drain, rPois rC+
                  | Dex+2} (You found it on level 1 of the Lair of Beasts)
 13834 | Lair:1   | Reached XP level 13. HP: 95/97 MP: 26/26
 14367 | Lair:2   | Noticed Prince Ribbit
 14432 | Lair:2   | Noticed Gastronok
 14443 | Lair:2   | Killed Gastronok
 14529 | Lair:2   | Killed Prince Ribbit
 14784 | Lair:2   | Found a staircase to the Shoals.
 14813 | Lair:2   | Reached **** piety under Sif Muna
 14843 | Lair:2   | Killed Erica
 14852 | Lair:2   | Got a scorched hand axe
 14852 | Lair:2   | Identified the +7 hand axe "Qaas Fiy" {vorpal, Str+4 Int+2}
                  | (You found it on level 2 of the Lair of Beasts)
 15268 | Lair:2   | Reached skill level 10 in Ice Magic
 15612 | Lair:3   | Noticed Sonja
 15637 | Lair:3   | Killed Sonja
 16611 | Lair:4   | Reached skill level 10 in Spellcasting
 16709 | Lair:4   | Reached XP level 14. HP: 99/106 MP: 26/28
 17020 | Lair:4   | Reached ***** piety under Sif Muna
 17057 | Lair:4   | Found a staircase to the Snake Pit.
 17355 | Lair:5   | Reached skill level 10 in Dodging
 17379 | Lair:5   | Identified Sif Muna's Volume of Cloudy Orientation (Sif
                  | Muna gifted it to you on level 5 of the Lair of Beasts)
 17379 | Lair:5   | Received a gift from Sif Muna
 18335 | Lair:6   | Entered Level 6 of the Lair of Beasts
 18392 | Lair:6   | Reached skill level 10 in Stealth
 18513 | Lair:6   | Reached skill level 10 in Invocations
 18541 | Lair:6   | Found a staircase to the Slime Pits.
 19053 | Lair:6   | Identified Sif Muna's Grimoire of the Compass and Darkness
                  | (Sif Muna gifted it to you on level 6 of the Lair of
                  | Beasts)
 19053 | Lair:6   | Received a gift from Sif Muna
 19308 | Lair:6   | Noticed a dire elephant
 19324 | Lair:6   | Killed a dire elephant
 19726 | Lair:5   | Learned a level 6 spell: Freezing Cloud
 19731 | Lair:5   | Learned a level 4 spell: Summon Lightning Spire
 19890 | Orc:1    | Entered Level 1 of the Orcish Mines
 20288 | Orc:1    | Reached XP level 15. HP: 95/114 MP: 29/29
 20408 | Orc:2    | Entered Level 2 of the Orcish Mines
 20582 | Orc:2    | Paralysed by an orc sorcerer for 2 turns
 20679 | Orc:2    | Found a roughly hewn altar of Beogh.
 20689 | Orc:2    | Found a staircase to the Elven Halls.
 20930 | Orc:2    | Identified Sif Muna's Catalogue of Transmutation and Dark
                  | Arts (Sif Muna gifted it to you on level 2 of the Orcish
                  | Mines)
 20930 | Orc:2    | Received a gift from Sif Muna
 21094 | Orc:2    | Noticed an orc warlord
 21096 | Orc:2    | Found a roughly hewn altar of Beogh.
 21143 | Orc:2    | Killed an orc warlord
 21183 | Orc:2    | Found Reacoik's General Store.
 21256 | Orc:2    | Found Etyaxunkapt's Antique Armour Shop.
 21264 | Orc:2    | Bought a pair of twisted gloves for 266 gold pieces
 21276 | Orc:2    | Identified the +0 pair of gloves of Dogma {rElec rN+
                  | Stlth+} (You bought it in a shop on level 2 of the Orcish
                  | Mines)
 21318 | Orc:2    | Bought a scroll of amnesia for 49 gold pieces
 21318 | Orc:2    | Bought a scroll of identify for 28 gold pieces
 21460 | Orc:2    | Found Emare's Antique Weapon Shop.
 21466 | Orc:2    | Bought a masterwork quarterstaff for 189 gold pieces
 21466 | Orc:2    | Identified the +5 quarterstaff "Gram" {spect, rElec rN+
                  | MR-} (You bought it in a shop on level 2 of the Orcish
                  | Mines)
 21631 | Orc:2    | Found Biupn's Jewellery Shop.
 21696 | Orc:2    | Bought an uncursed ring of magical power for 200 gold
                  | pieces
 21906 | Snake:1  | Entered Level 1 of the Snake Pit
 22163 | Snake:1  | Noticed a nagaraja
 22172 | Snake:1  | Killed a nagaraja
 22649 | Snake:1  | Found Naecoim's Antique Armour Boutique.
 22661 | Snake:1  | Found Fycseuni's General Store.
 22667 | Snake:1  | Noticed Nikola
 22669 | Snake:1  | Bought a scroll of torment for 112 gold pieces
 22669 | Snake:1  | Bought a potion of heal wounds for 75 gold pieces
 22669 | Snake:1  | Bought a scroll of teleportation for 45 gold pieces
 22684 | Snake:1  | Killed Nikola
 22684 | Snake:1  | Reached skill level 10 in Fighting
 22684 | Snake:1  | Reached skill level 10 in Short Blades
 22684 | Snake:1  | Reached skill level 10 in Long Blades
 22684 | Snake:1  | Reached skill level 10 in Axes
 22684 | Snake:1  | Reached skill level 10 in Maces & Flails
 22684 | Snake:1  | Reached skill level 10 in Polearms
 22684 | Snake:1  | Reached skill level 10 in Staves
 22684 | Snake:1  | Reached skill level 10 in Slings
 22684 | Snake:1  | Reached skill level 10 in Bows
 22684 | Snake:1  | Reached skill level 10 in Crossbows
 22684 | Snake:1  | Reached skill level 10 in Throwing
 22684 | Snake:1  | Reached skill level 10 in Armour
 22684 | Snake:1  | Reached skill level 10 in Shields
 22684 | Snake:1  | Reached skill level 10 in Unarmed Combat
 22684 | Snake:1  | Reached skill level 10 in Evocations
 22686 | Snake:1  | Noticed Rupert
 22701 | Snake:1  | Killed Rupert
 24351 | Snake:2  | HP: 5/115 [anaconda (2)]
 24355 | Snake:2  | HP: 1/115 [anaconda (13)]
 24379 | Snake:2  | Learned a level 4 spell: Ice Form
 24399 | Snake:2  | HP: 3/115 [anaconda (3)]
 24399 | Snake:2  | Mangled by an anaconda

Illustrated notes

Levels and vault maps discovered:
D:1:      eino_arrival_cavern_a, layout_loops_ring, chequers_mini_garden,
          chequers_serial_rivers_small_3, minmay_hexomino_r4
D:2:      layout_loops_ring, uniq_robin, uniq_terence
D:3:      minmay_wonky_spiral, layout_basic
D:4:      layout_layer_cave, enter_ossuary_5, uniq_duvessa
D:5:      layout_layer_cave, tso_altar, serial_shops, shop, shop,
          kennysheep_mini_moat
D:6:      corexii_shack_village, layout_cave_pools,
          nicolae_overflow_hidden_temple, grunt_temple_overflow_open
D:7:      layout_basic, temple_hall
D:8:      layout_basic
D:9:      gammafunk_wand_slinger, layout_basic, overflow_temple_1_default,
          orc_0_dummy, serial_shops, shop_fountains
D:10:     layout_small_grid
D:11:     layout_basic, david_lair_generic, uniq_fannar
Temple:   minmay_temple_bridge_d
Lair:1:   layout_regular_city
Lair:2:   layout_cave_pods, shoals_dummy_entry, uniq_gastronok,
          uniq_prince_ribbit2, uniq_erica
Lair:3:   layout_misc_corridors, uniq_sonja
Lair:4:   layout_roguey, minmay_snake_entry_guardpost_medium, grunt_megastairs_5
Lair:5:   layout_gridlike, grunt_megastairs_3
Lair:6:   grunt_lair_end_beastmaster, layout_small_grid,
          nicolae_slime_entry_slimehenge
Snake:1:  layout_onion, minmay_shop_star, lemuel_fruit_tree, uniq_nikola,
          uniq_rupert
Snake:2:  layout_onion_interference, serial_shops, nicolae_shop_crystal,
          portal_ice_cave_entry_dragon, serial_bayou_shore_a
Orc:1:    layout_diamond_mine, kennysheep_orc_chapel
Orc:2:    grunt_orc_cross, layout_caves, mines1_david

Skill      XL: |  1  2  3  4  5  6  7  8  9 10 11 12 13 14 15 |
---------------+----------------------------------------------+-----
Spellcasting   | 5 6 7 8 9 10 11 | 11.2
Invocations    | 1 2 3 4 5 6 7 8 9 10 11 | 11.0
Fighting       | 1 2 3 4 5 7 8 9 10 | 10.1
Short Blades   | 1 2 3 4 5 7 8 9 10 | 10.1
Long Blades    | 1 2 3 4 5 7 8 9 10 | 10.1
Axes           | 1 2 3 4 5 7 8 9 10 | 10.1
Maces & Flails | 1 2 3 4 5 7 8 9 10 | 10.1
Polearms       | 1 2 3 4 5 7 8 9 10 | 10.1
Staves         | 1 2 3 4 5 7 8 9 10 | 10.1
Slings         | 1 2 3 4 5 7 8 9 10 | 10.1
Bows           | 1 2 3 4 5 7 8 9 10 | 10.1
Crossbows      | 1 2 3 4 5 7 8 9 10 | 10.1
Throwing       | 1 2 3 4 5 7 8 9 10 | 10.1
Armour         | 1 2 3 4 5 7 8 9 10 | 10.1
Shields        | 1 2 3 4 5 7 8 9 10 | 10.1
Unarmed Combat | 1 2 3 4 5 7 8 9 10 | 10.1
Evocations     | 1 2 3 4 5 7 8 9 10 | 10.1
Conjurations   | 1 2 3 4 5 6 7 8 |  8.6
Hexes          | 1 2 3 4 5 6 7 8 |  8.6
Summonings     | 1 2 3 4 5 6 7 8 |  8.6
Necromancy     | 1 2 3 4 5 6 7 8 |  8.6
Translocations | 1 2 3 4 5 6 7 8 |  8.6
Transmutations | 1 2 3 4 5 6 7 8 |  8.6
Fire Magic     | 1 2 3 4 5 6 7 8 |  8.6
Air Magic      | 1 2 3 4 5 6 7 8 |  8.6
Earth Magic    | 1 2 3 4 5 6 7 8 |  8.6
Poison Magic   | 1 2 3 4 5 6 7 8 |  8.6
Dodging        | 5 6 7 8 9 10 11 | 11.1
Stealth        | 5 6 7 8 9 10 | 10.9
Ice Magic      | 8 9 10 11 | 11.0

Action                   |  1- 3 |  4- 6 |  7- 9 | 10-12 | 13-15 || total
-------------------------+-------+-------+-------+-------+-------++-------
Melee: Unarmed           |    18 |       |       |       |       ||    18
       Dagger            |    24 |    76 |   272 |     7 |       ||   379
       Bite              |     3 |     7 |    39 |     6 |    45 ||   100
       Punch             |       |     1 |     1 |     1 |    14 ||    17
       War axe           |       |       |    78 |    80 |       ||   158
       Long sword        |       |       |       |     4 |   165 ||   169
       Scimitar          |       |       |       |       |    89 ||    89
 Cast: Freeze            |    18 |     3 |     2 |       |    15 ||    38
       Frozen Ramparts   |     3 |    23 |    29 |    39 |   121 ||   215
       Ozocubu's Armour  |       |     1 |       |       |       ||     1
       Summon Ice Beast  |       |       |    15 |    29 |   213 ||   257
       Hailstorm         |       |       |     2 |     3 |    15 ||    20
       Summon Lightning  |       |       |       |       |    25 ||    25
       Freezing Cloud    |       |       |       |       |     2 ||     2
Invok: Channel Magic     |       |       |       |     1 |     5 ||     6
Evoke: Wand              |       |       |       |     2 |       ||     2
  Use: Scroll            |       |     8 |     3 |     3 |    10 ||    24
       Potion            |       |       |       |     2 |     7 ||     9
 Stab: Sleeping          |     5 |     9 |     9 |     5 |     4 ||    32
       Distracted        |       |       |     2 |       |     2 ||     4
       Paralysed         |       |       |       |     2 |       ||     2
Armor: Robe              |     9 |    13 |    86 |    41 |    31 ||   180
       Troll leather arm |       |       |       |       |    35 ||    35
Dodge: Dodged            |    48 |    53 |   272 |   123 |   341 ||   837
Block: Other             |       |       |       |       |    35 ||    35
       Reflection        |       |       |       |       |     8 ||     8
       Rpst.: Long sword |       |       |       |       |    59 ||    59
       Scimitar          |       |       |       |       |    31 ||    31

Table legend: (Time is in decaauts)
 A = Elapsed time spent in this place.
 B = Non-inter-level travel time spent in this place.
 C = Inter-level travel time spent in this place.
 D = Time resting spent in this place.
 E = Time spent auto-exploring this place.
 F = Levels seen in this place.
 G = Mean time per level.
                   A        B        C        D        E       F      G
               +--------+--------+--------+--------+--------+-----+--------+
         Total |  23112 |  21780 |   1332 |   1150 |  15716 |  23 | 1004.9 |
       Dungeon |  12076 |  11292 |    784 |    465 |   8653 |  11 | 1097.8 |
        Temple |    153 |     88 |     65 |      0 |     60 |   1 |  153.0 |
          Lair |   5936 |   5583 |    353 |    167 |   3945 |   6 |  989.3 |
     Snake Pit |   2388 |   2342 |     46 |    456 |   1415 |   2 | 1194.0 |
  Orcish Mines |   1749 |   1668 |     81 |     62 |   1087 |   2 |  874.5 |
       Ossuary |    808 |    808 |      0 |      0 |    555 |   1 |  808.0 |
               +--------+--------+--------+--------+--------+-----+--------+

Top non-repeatable levels by time:
 Snake:1: 2330 daAuts
     D:1: 1519 daAuts
     D:2: 1505 daAuts
  Lair:6: 1284 daAuts
     D:3: 1266 daAuts
     D:4: 1256 daAuts
   Orc:2: 1239 daAuts
    D:11: 1180 daAuts
  Lair:2: 1168 daAuts
     D:6: 1147 daAuts
     D:5: 1034 daAuts
  Lair:5: 993 daAuts
  Lair:4: 962 daAuts
     D:9: 875 daAuts
     D:8: 854 daAuts
